 Dungeon Crawl Stone Soup version 0.19-a0-1637-gfc13266 (webtiles) character file.

113 Amnesiac the Charlatan (level 4, 0/32 HPs)
             Began as a Mummy Artificer on Sept 19, 2016.
             Was an Initiate of Gozag.
             Killed from afar by an orc wizard (6 damage)
             ... with a puff of frost
             ... on level 3 of the Dungeon.
             The game lasted 00:06:19 (2596 turns).

Amnesiac the Charlatan (Mummy Artificer)            Turns: 2596, Time: 00:06:19

Health: 0/32       AC:  5    Str: 15    XL:     4   Next: 65%
Magic:  7/7        EV: 11    Int: 10    God:    Gozag
Gold:   370        SH:  0    Dex: 13    Spells: 0 memorised, 3 levels left

rFire  x . .     SeeInvis .     m - +2 short sword (venom)
rCold  + . .     Gourm    .     n - +0 ring mail
rNeg   + + +     Faith    .     (no shield)
rPois  ∞         Spirit   .     (no helmet)
rElec  .         Dismiss  .     (no cloak)
rCorr  .         Reflect  .     (no gloves)
MR     .....     Harm     +     (no boots)
Stlth  +.........               f - amulet of harm
                                (no ring)
                                (no ring)

@: no status effects
A: no food or potions, fire vulnerability, cold resistance 1, negative energy
resistance 3, torment resistance, unbreathing
a: Potion Petition, Call Merchant, Bribe Branch, Renounce Religion


You were on level 3 of the Dungeon.
You worshipped Gozag.
Gozag was aware of your devotion.
You were not hungry.

You visited 1 branch of the dungeon, and saw 3 of its levels.

You collected 397 gold pieces.
You paid 27 gold pieces to Gozag.

Inventory:

Hand Weapons
 a - a +0 dagger of venom
 g - a +2 dagger of distortion
 m - a +2 short sword of venom (weapon)
Armour
 n - a +0 ring mail (worn)
Jewellery
 f - an amulet of harm (around neck)
Wands
 c - a wand of flame (13/48)
 d - a wand of enslavement (15/24)
 e - a wand of random effects (15/48)
Scrolls
 h - a scroll of remove curse {unknown}
 i - a scroll of magic mapping {unknown}
 j - 4 scrolls of identify {unknown}
 k - a scroll of teleportation {unknown}
Books
 l - a Grand Grimoire

   Spells                             Type                      Level
   a - Monstrous Menagerie            Summoning                    7
   b - Summon Greater Demon           Summoning                    7
   c - Malign Gateway                 Summoning/Translocation      7
   d - Summon Horrible Things         Summoning                    8


   Skills:
 - Level 1.0 Fighting
 - Level 0.7 Short Blades
 - Level 1.5 Dodging
 - Level 0.7 Stealth
 + Level 4.5 Evocations


You had 3 spell levels left.
You didn't know any spells.

Dungeon Overview and Level Annotations

Branches:
Dungeon (3/15)

Altars:
Dithmenos
Gozag
Qazlal


Innate Abilities, Weirdness & Mutations

You do not eat or drink.
Your flesh is vulnerable to fire.
You are immune to poison.
Your flesh is cold resistant. (rC+)
You are immune to negative energy. (rN+++)
You are immune to unholy pain and torment.
You can survive without breathing.


Message History

Unknown command.
You hit the orc wizard.
The orc wizard is poisoned.
The orc wizard is moderately wounded.
The orc wizard points at you and mumbles some strange words.
The puff of frost hits you! You resist. The orc hits you but does no damage.
You completely miss the orc wizard.
The orc wizard is heavily wounded.
The orc wizard barely misses you. The orc hits you but does no damage.
You closely miss the orc wizard.
The orc wizard is heavily wounded.
You barely miss the orc wizard.
The orc wizard is severely wounded.
The orc wizard points at you and mumbles some strange words.
The magic dart hits you!
* * * LOW HITPOINT WARNING * * *
The orc misses you. The orc wizard casts a spell at you.
The puff of frost hits you! You resist.
You die...
Your body crumbles into a pile of gold.

........#.########...# #
##...................)#####
#...###.....#######........
...# #......# #..######
###.###.###.....## #..####
# .............#.## #.....#
# ##.#.#.#.##.oo# #.###.# #
o.......######.# #)# #.# #
#o###.### ##@## #.###.###
#. ##...## #........ #
##.....## ###.....#
#.......## ##......#
#.........####.......#
+........[[...........
#.........####.......#
##.......## ##.##.###
##.....## ####!#


You could see an orc wizard and an orc.

Vanquished Creatures
  4 adders
  3 oozes
  A dart slug (D:3)
  A leopard gecko (D:2)
  9 orcs (D:3)
  2 giant cockroaches (D:1)
  4 goblins
  6 hobgoblins
  4 jackals
  A quokka (D:2)
  3 bats
  A frilled lizard (D:3)
  7 kobolds
  5 rats
51 creatures vanquished.

Notes
Turn   | Place    | Note
-------+----------+-------------------------------------------
     0 | D:1      | Amnesiac the Mummy Artificer began the quest for the Orb.
     0 | D:1      | Reached XP level 1. HP: 15/15 MP: 2/2
   269 | D:2      | Reached XP level 2. HP: 21/21 MP: 4/4
   287 | D:2      | Reached skill level 3 in Evocations
   513 | D:2      | Found an opulent altar of Gozag.
   519 | D:2      | Became a worshipper of Gozag Ym Sagoz the Greedy
   751 | D:1      | Reached XP level 3. HP: 18/26 MP: 5/5
  1182 | D:2      | Found a shadowy altar of Dithmenos.
  1491 | D:3      | Reached skill level 4 in Evocations
  1529 | D:3      | Reached XP level 4. HP: 29/32 MP: 7/7
  2098 | D:3      | Found a faded altar of an unknown god.
  2423 | D:3      | Found a stormy altar of Qazlal.
  2428 | D:3      | Noticed a water elemental
  2428 | D:3      | Noticed an air elemental
  2429 | D:3      | Noticed an earth elemental
  2429 | D:3      | Noticed a fire elemental
  2596 | D:3      | Killed from afar by an orc wizard

Vault maps used:
D:1:      roderic_chinese_lattice_arrival
D:2:      grunt_dithmenos_smoke_and_mirrors, nicolae_overflow_crystal_walls,
          supply_closet_lemuel
D:3:      nicolae_qazlal_style_of_elements, ecumenical_altar_2

Skill      XL: |  1  2  3 |
---------------+----------+-----
Evocations     | 3 4 |  4.5
Fighting       | |  1.0
Short Blades   | |  0.7
Dodging        | |  1.5
Stealth        | |  0.7

Action                   |  1- 3 |  4- 6 || total
-------------------------+-------+-------++-------
Melee: Short sword       |   113 |    75 ||   188
Evoke: Wand              |     1 |     1 ||     2
 Stab: Sleeping          |     1 |       ||     1
Armor: Leather armour    |    29 |    12 ||    41
       Ring mail         |       |     7 ||     7
Dodge: Dodged            |    73 |    45 ||   118
